Map: Proxima Station LE

Players

DnS - Winner!

  • Race: Protoss Protoss
  • Spawn Location: 1:00

Thalandros

  • Race: Zerg Zerg
  • Spawn Location: 7:00

Event: WCS Valencia 2017

VOD

Have the link to the VOD?

Description

Time

  • Played on: July 13, 2017, 6:37 a.m.
  • Length: 11:07

All games in this series

Show
View Real Time Build Order
Export as new Build Order

DnS Protoss - Winner!

Build Orders: 1 Gate Expand, Oracle Opening 

Get SALT Encoding   

  12  0:00  Probe (Chrono Boost)  
  13  0:11  Probe (Chrono Boost)  
  14  0:17  Pylon  
  14  0:22  Probe (Chrono Boost)  
  16  0:35  Probe (Chrono Boost)  
  16  0:37  Gateway  
  16  0:43  Assimilator  
  16  0:46  Probe (Chrono Boost)  
  18  0:57  Probe (Chrono Boost)  
  18  1:07  Probe (Chrono Boost)  
  19  1:20  Nexus  
  19  1:24  Probe (Chrono Boost)  
  20  1:33  Cybernetics Core  
  20  1:36  Probe (Chrono Boost)  
  21  1:43  Assimilator  
  21  1:47  Probe (Chrono Boost)  
  21  1:51  Pylon  
  22  1:58  Probe (Chrono Boost)  
  23  2:09  Probe (Chrono Boost)  
  23  2:10  Warp Gate, Adept (Chrono Boost)  
  26  2:21  Probe  
  27  2:32  Probe (Chrono Boost), Stargate  
  27  2:33  Probe (Chrono Boost)  
  29  2:38  Adept (Chrono Boost)  
  29  2:43  Probe  
  31  2:44  Probe  
  33  2:55  Probe (Chrono Boost)  
  33  2:56  Probe (Chrono Boost)  
  35  3:03  Adept  
  37  3:06  Probe (Chrono Boost)  
  37  3:07  Probe (Chrono Boost)  
  39  3:15  Pylon, Oracle (Chrono Boost)  
  39  3:16  Probe  
  43  3:29  Probe, Gateway  
  43  3:30  Probe, Gateway  
  45  3:39  Pylon  
  45  3:40  Probe  
  45  3:43  Probe  
  45  3:46  Pylon  
  45  3:48  Oracle (Chrono Boost)  
  50  3:50  Probe  
  50  3:55  Probe  
  52  4:01  Probe  
  51  4:05  Assimilator  
  51  4:07  Probe  
  52  4:11  Probe  
  52  4:15  Nexus  
  53  4:19  Probe  
  54  4:27  Adept x3  
  54  4:28  Probe  
  54  4:31  Probe  
  62  4:32  Assimilator  
  62  4:36  Phoenix (Chrono Boost)  
  64  4:39  Probe  
  64  4:41  Pylon  
  64  4:44  Probe (Chrono Boost)  
  64  4:45  Pylon  
  66  4:51  Mothership Core (Chrono Boost)  
  68  4:56  Probe (Chrono Boost)  
  68  4:59  Robotics Facility  
  69  5:06  Probe (Chrono Boost)  
  70  5:07  Twilight Council  
  70  5:08  Forge  
  70  5:10  Probe (Chrono Boost)  
  71  5:17  Probe (Chrono Boost)  
  71  5:20  Probe (Chrono Boost)  
  73  5:28  Probe (Chrono Boost)  
  74  5:29  Protoss Ground Weapons Level 1 (Chrono Boost)  
  74  5:32  Charge (Chrono Boost), Probe (Chrono Boost)  
  74  5:33  Sentry x2  
  74  5:34  Probe (Chrono Boost), Sentry  
  78  5:38  Probe (Chrono Boost)  
  75  5:43  Probe (Chrono Boost)  
  75  5:44  Probe  
  75  5:45  Pylon  
  75  5:47  Warp Prism (Chrono Boost)  
  75  5:49  Probe  
  80  5:51  Assimilator x2  
  80  5:55  Probe  
  80  5:56  Probe  
  82  6:02  Probe  
  83  6:04  Gateway x2  
  83  6:07  Probe, Gateway  
  83  6:08  Probe  
  85  6:14  Probe  
  85  6:16  Templar Archives  
  86  6:19  Observer (Chrono Boost), Probe  
  86  6:20  Probe  
  89  6:26  Gateway  
  89  6:28  Gateway  
  86  6:32  Pylon  
  86  6:35  Pylon  
  86  6:38  Zealot x3  
  96  6:40  Immortal (Chrono Boost)  
  96  6:45  Photon Cannon  
  96  6:48  Pylon, Psionic Storm  
  96  7:02  Pylon, Nexus  
  96  7:08  High Templar x4  
  104  7:12  Probe x3  
  104  7:15  Pylon  
  107  7:17  Immortal (Chrono Boost)  
  111  7:27  Oracle  
  111  7:28  Protoss Ground Weapons Level 2  
  114  7:35  Zealot  
  114  7:36  Probe x3  
  118  7:42  Zealot x7  
  131  7:46  Immortal (Chrono Boost)  
  135  7:52  Photon Cannon  
  135  7:54  Gateway  
  135  7:59  Photon Cannon  
  135  8:10  High Templar x2  
  135  8:11  Probe x3, Robotics Facility  
  142  8:13  Archon  
  142  8:14  Probe  
  142  8:18  Assimilator  
  142  8:19  Zealot x3, Assimilator  
  149  8:20  Zealot  
  149  8:23  Probe x2  
  149  8:26  Immortal  
  151  8:35  High Templar x2  
  151  8:38  Probe x2  
  151  8:40  Archon  
  157  8:49  Gateway  
  157  8:50  Gateway  
  157  8:51  Gateway  
  157  8:54  Pylon  
  157  8:56  Pylon  
  157  8:57  Pylon  
  157  9:02  Immortal  
  161  9:16  High Templar  
  163  9:17  High Templar x2  
  163  9:18  High Templar x3  
  163  9:21  Immortal, Archon x2  
  163  9:22  Archon  
  173  9:30  Pylon  
  173  9:31  Pylon  
  175  9:32  Pylon  
  169  9:55  Zealot x9  
  187  10:00  Templar Archives  
  187  10:27  Stalker x9  
  151  10:52  Zealot x6  
  151  10:53  Zealot x3  
Show
View Real Time Build Order
Export as new Build Order

Thalandros Zerg 

Build Orders: Hatch First, Swarm Host 

Get SALT Encoding   

  12  0:00  Drone  
  13  0:13  Overlord  
  13  0:18  Drone  
  14  0:31  Drone x2  
  17  0:35  Drone  
  17  0:55  Hatchery  
  17  0:56  Drone  
  17  0:59  Drone  
  18  1:09  Extractor  
  17  1:15  Spawning Pool  
  16  1:21  Drone  
  16  1:22  Drone  
  18  1:30  Drone  
  19  1:41  Overlord  
  19  2:02  Queen  
  19  2:03  Zergling x4  
  19  2:06  Queen  
  25  2:12  Metabolic Boost  
  25  2:17  Drone  
  25  2:19  Drone  
  27  2:25  Drone x2  
  29  2:32  Drone  
  30  2:37  Drone  
  31  2:48  Hatchery  
  30  2:53  Drone x2  
  30  2:57  Overlord  
  32  3:02  Zergling x4  
  34  3:14  Drone x2  
  34  3:16  Queen  
  37  3:21  Spore Crawler  
  37  3:26  Drone x4  
  40  3:37  Drone x3, Overlord  
  43  3:47  Overlord  
  43  3:55  Evolution Chamber, Queen  
  44  4:00  Spore Crawler x2  
  42  4:06  Drone x5  
  42  4:07  Drone  
  45  4:22  Spore Crawler  
  41  4:25  Drone x5  
  41  4:26  Drone  
  41  4:30  Zerg Melee Weapons Level 1  
  47  4:40  Drone x3  
  47  4:41  Drone x2  
  47  4:43  Extractor  
  51  4:50  Baneling Nest, Drone x2  
  52  4:53  Drone  
  53  5:00  Drone x4  
  53  5:04  Zergling x6  
  53  5:05  Zergling x2  
  60  5:11  Overlord x2  
  58  5:21  Drone  
  54  5:36  Drone  
  54  5:37  Drone x8  
  54  5:38  Drone  
  62  5:42  Lair  
  62  5:44  Drone x5  
  62  5:45  Drone x2  
  62  5:48  Extractor  
  68  6:02  Extractor  
  68  6:03  Drone x3  
  70  6:08  Drone x2  
  70  6:09  Drone x2  
  74  6:12  Extractor  
  74  6:13  Extractor  
  72  6:20  Zergling x4  
  72  6:22  Baneling x4  
  74  6:26  Overlord x2  
  72  6:35  Overlord  
  72  6:40  Drone x2  
  72  6:41  Overlord  
  72  6:42  Hatchery  
  72  6:43  Infestation Pit  
  72  6:45  Zerg Melee Weapons Level 2  
  72  6:49  Centrifical Hooks  
  72  6:51  Drone x7  
  79  6:55  Overlord  
  79  6:59  Zergling x14  
  86  7:08  Overlord  
  86  7:16  Zergling x2  
  86  7:17  Zergling x16  
  86  7:18  Baneling x3  
  86  7:19  Baneling  
  95  7:24  Swarm Host x4  
  104  7:44  Drone x4  
  107  7:48  Drone x6  
  107  7:50  Baneling x5  
  113  7:53  Overlord  
  113  7:54  Overseer  
  113  7:57  Swarm Host x2  
  113  7:58  Swarm Host  
  122  8:02  Baneling  
  122  8:03  Queen, Baneling x2  
  124  8:05  Spore Crawler  
  124  8:06  Drone x4  
  127  8:13  Queen  
  127  8:17  Overlord  
  127  8:18  Swarm Host x2  
  127  8:19  Overlord  
  135  8:20  Overlord  
  135  8:26  Zergling x2  
  134  8:27  Zergling x8  
  134  8:29  Extractor  
  134  8:31  Extractor  
  134  8:33  Overlord  
  134  8:39  Drone x3  
  137  8:41  Drone x2  
  137  8:42  Swarm Host x3, Drone  
  137  8:45  Baneling x5  
  137  8:46  Baneling x4  
  149  8:51  Zergling x12  
  155  8:55  Hive  
  155  9:00  Zergling x8  
  159  9:07  Swarm Host x3  
  159  9:09  Overlord  
  167  9:10  Overlord  
  167  9:16  Overlord  
  166  9:20  Overlord x2  
  166  9:27  Overlord x3  
  164  9:35  Zergling x2  
  164  9:36  Zergling x20  
  171  9:45  Zergling x6  
  173  9:55  Drone  
  173  9:58  Zergling x16  
  182  10:01  Baneling x2  
  182  10:02  Baneling x6  
  182  10:12  Zergling x2  
  182  10:13  Zergling x12  
  189  10:20  Baneling x8  
  180  10:22  Swarm Host  
  180  10:23  Swarm Host x2  
  180  10:25  Baneling x2  
  180  10:26  Baneling  
  180  10:27  Baneling  
  180  10:28  Baneling x5  
  187  10:33  Zergling x6  
  187  10:34  Zergling x2  
  186  10:41  Zergling x2  
  186  10:42  Zergling x8  
  145  10:47  Zergling x4  
  145  10:48  Zergling x2  
Tags
 
Add a new tag
Caveats
  • Supply blocks, unpowered buildings, or Contaminate may cause inaccurate times.
  • Supply counts are checked every 10 seconds.